 Dungeon Crawl Stone Soup version 0.25.0-10-g039870ee82 (webtiles) character file.

Game seed: 15981363149752153361

580 shadizar the Sneak (level 7, 0/47 HPs)
             Began as an Octopode Transmuter on June 23, 2020.
             Was a Follower of Okawaru.
             Succumbed to an adder's poison
             ... on level 4 of the Dungeon.
             The game lasted 00:12:49 (5321 turns).

shadizar the Sneak (Octopode Transmuter)            Turns: 5321, Time: 00:12:49

Health: 0/47       AC:  1    Str:  9    XL:     7   Next: 36%
Magic:  10/10      EV: 15    Int: 16    God:    Okawaru [*.....]
Gold:   169        SH:  0    Dex: 14    Spells: 9/10 levels left

rFire    . . .     SeeInvis .   f - +3 long sword (protect)
rCold    . . .     Gourm    .   (no shield)
rNeg     . . .     Faith    .   (helmet restricted)
rPois    .         Spirit   .   (no amulet)
rElec    .         Reflect  .   l - ring of resist corrosion
rCorr    +         Harm     .   (no ring)
MR       .....                  (no ring)
Stlth    ++++......             (no ring)
HPRegen  0.15/turn              (no ring)
MPRegen  0.12/turn              (no ring)
                                (no ring)
                                (no ring)

@: mighty, lethally poisoned (0 -> -1), hasted, very quick
A: almost no armour, stealthy swim, amphibious, 8 rings, constrict 8, camouflage
1, gelatinous body 1
a: Heroism, Renounce Religion


You were on level 4 of the Dungeon.
You worshipped Okawaru.
Okawaru was aware of your devotion.
You were not hungry.

You visited 1 branch of the dungeon, and saw 4 of its levels.
You also visited: Sewer.

You collected 169 gold pieces.

Inventory:

Hand Weapons
 f - a +3 long sword of protection (weapon)
 g - a +0 whip
 i - a +3 dagger
 j - a +0 mace of holy wrath
Missiles
 a - 57 arrows
Jewellery
 l - a ring of resist corrosion (left tentacle)
Scrolls
 b - a scroll of magic mapping
 e - a scroll of remove curse
 n - a scroll of identify
 o - 3 scrolls of fear
 p - a scroll of fog
 t - 3 scrolls of teleportation
Potions
 h - 2 potions of degeneration
 m - 2 potions of haste
 s - 2 potions of lignification
 v - a potion of brilliance
 w - 3 potions of flight
Comestibles
 c - 10 rations
 k - 3 chunks of flesh


   Skills:
 + Level 3.8 Fighting
 + Level 3.0 Long Blades
 - Level 0.5 Maces & Flails
 + Level 3.9 Dodging
 - Level 4.2 Stealth
 - Level 3.0 Unarmed Combat
 - Level 2.0 Spellcasting
 - Level 2.0 Transmutations
 - Level 3.0 Invocations


You had 9 spell levels left.
You knew the following spells:

 Your Spells              Type           Power        Failure   Level  Hunger
a - Beastly Appendage     Tmut           #.....       9%          1    #......

Your spell library contained the following spells:

 Spells                   Type           Power        Failure   Level  Hunger
 Sticks to Snakes         Tmut           #.......     14%         2    ###....
 Spider Form              Tmut/Pois      #.........   38%         3    ###....
 Confusing Touch          Hex            #.......     52%         3    ###....
 Gell's Gravitas          Tloc           #.........   52%         3    ###....
 Ice Form                 Ice/Tmut       #.......     80%         4    #####..
 Petrify                  Tmut/Erth      #.......     80%         4    #####..
 Blade Hands              Tmut           #.........   94%         5    ######.
 Yara's Violent Unravell  Hex/Tmut       #.........   98%         5    ######.
 Metabolic Englaciation   Hex/Ice        #.........   99%         5    ######.


Dungeon Overview and Level Annotations

Branches:
Dungeon (4/15)              Sewer (visited)
 Temple: D:4-7

Altars:
Elyvilon
Nemelex Xobeh
Okawaru

Annotations:
D:4 Duvessa


Innate Abilities, Weirdness & Mutations

You cannot wear most types of armour.
You are very stealthy in the water. (Stealth+)
You are amphibious.
You can wear up to eight rings at the same time.
You can use your tentacles to constrict eight enemies at once.
Your skin changes colour to match your surroundings (Stealth+).
Your rubbery body absorbs attacks. (AC +1, EV +1)


Message History

* * * LOW HITPOINT WARNING * * *
You are lethally poisoned!
The adder poisons you!
You feel yourself speed up.
* * * LOW HITPOINT WARNING * * *
You feel sick. The adder closely misses you.
That item cannot be evoked!
Okay, then.
* * * LOW HITPOINT WARNING * * *
You feel sick.
* * * LOW HITPOINT WARNING * * *
You feel sick.
Really quaff the potion of lignification?
Okay, then.
Really quaff the potion of lignification?
Okay, then.
You feel very mighty all of a sudden.
* * * LOW HITPOINT WARNING * * *
You feel sick.
You die...

# ##........#### #..## #
##.....O......#### ##..# ##
###................#### #..####.
##...............#....####.......
#...........S......##....#...####
#...................#......###
##..................##.....##
##............(...).##......#
###.............@...##..†...# #
##................##.......# ##
#..[..........[...##.[.#..# .#
##.............[..##...#..# .#
##..............<##..###..# .#
##..............##..# ..# .##
#.............###..# ..#
##............# ..#
##..........##


You could see an ogre and an adder.

Vanquished Creatures
  Dowan (D:4)
  2 scorpions
  3 wights
  3 orc wizards
  A hound skeleton (D:4)
  6 adders
  5 oozes
  An adder skeleton (D:3)
  8 worms
  A leopard gecko (D:3)
  12 orcs
  14 bats
  3 giant cockroaches
  14 goblins
  11 hobgoblins
  11 jackals
  6 kobolds
  2 ball pythons
  7 frilled lizards
  5 rats
116 creatures vanquished.

Notes
Turn   | Place    | Note
-------+----------+-------------------------------------------
     0 | D:1      | shadizar the Octopode Transmuter began the quest for the
                  | Orb.
     0 | D:1      | Reached XP level 1. HP: 13/13 MP: 3/3
   432 | D:1      | Found an iron altar of Okawaru.
   437 | D:1      | Reached XP level 2. HP: 15/18 MP: 5/5
   456 | D:1      | Became a worshipper of Warmaster Okawaru
   498 | D:1      | Reached skill level 1 in Stealth
  1278 | D:2      | Reached XP level 3. HP: 24/24 MP: 4/6
  1465 | D:2      | HP: 1/24 [poisoned by an adder]
  1893 | D:2      | Reached XP level 4. HP: 29/29 MP: 7/7
  1895 | D:2      | Reached skill level 2 in Stealth
  2236 | D:3      | Reached skill level 1 in Long Blades
  2247 | D:3      | Reached skill level 1 in Invocations
  2496 | D:3      | Found a glowing drain.
  2511 | Sewer    | Entered a sewer
  2777 | Sewer    | Reached XP level 5. HP: 35/35 MP: 8/8
  3464 | D:3      | Reached skill level 3 in Stealth
  3612 | D:3      | Found a white marble altar of Elyvilon.
  3874 | D:3      | Reached XP level 6. HP: 41/41 MP: 9/9
  3928 | D:3      | Found a sparkling altar of Nemelex Xobeh.
  4663 | D:4      | Reached skill level 4 in Stealth
  4730 | D:4      | Noticed Duvessa
  4730 | D:4      | Noticed Dowan
  4883 | D:4      | Killed Dowan
  4883 | D:4      | Reached XP level 7. HP: 44/46 MP: 8/10
  4906 | D:4      | Reached * piety under Okawaru
  5294 | D:4      | HP: 2/47 [adder (4)]
  5305 | D:4      | HP: 2/47 [poisoned by an adder]
  5310 | D:4      | HP: 1/47 [poisoned by an adder]
  5315 | D:4      | HP: 1/47 [poisoned by an adder]
  5321 | D:4      | Succumbed to an adder's poison

Illustrated notes

Levels and vault maps discovered:
D:1:      dpeg_arrival_snail, layout_loops_corners, minivault_26,
          okawaru_ov_weapons_minmay
D:2:      layout_rooms, first_ration
D:3:      cheibrodos_greedy_goblins, layout_basic, marbit_many_paths,
          overflow_temple_1_default, portal_sewer_entry_d
D:4:      layout_cave_pods, roderic_st_hans_cross, uniq_duvessa

Skill      XL: |  1  2  3  4  5  6  7 |
---------------+----------------------+-----
Stealth        | 1 2 3 4 |  4.2
Fighting       | 2 3 |  3.8
Long Blades    | 1 2 3 |  3.0
Invocations    | 1 2 3 |  3.0
Dodging        | 3 |  3.9
Maces & Flails | |  0.5
Unarmed Combat | |  3.0
Spellcasting   | |  2.0
Transmutations | |  2.0

Action                   |  1- 3 |  4- 6 |  7- 9 || total
-------------------------+-------+-------+-------++-------
Melee: Unarmed           |     9 |       |       ||     9
       Whip              |     7 |       |       ||     7
       Constrict         |    28 |    43 |     6 ||    77
       Tentacles         |    11 |    28 |     6 ||    45
       Mace              |    26 |       |       ||    26
       Kick              |     3 |     6 |     2 ||    11
       Punch             |     1 |     3 |     2 ||     6
       Long sword        |    36 |   152 |    21 ||   209
 Cast: Beastly Appendage |     2 |     6 |     2 ||    10
  Use: Potion            |     3 |       |     3 ||     6
       Scroll            |       |    14 |       ||    14
 Stab: Sleeping          |     4 |    15 |     3 ||    22
  Eat: Chunk             |     3 |    10 |     1 ||    14
Armor: Skin              |     9 |    46 |     1 ||    56
Dodge: Dodged            |    51 |   137 |    13 ||   201
       Rpst.: Long sword |     9 |    46 |     5 ||    60
